 Dungeon Sprint DCSS version 0.27.0-65-ge2af304b15 (webtiles) character file.

Game seed: 9380622296904904200

931 ABBCCCDDDD the Cleaver (level 7, -6/73 HPs)
             Began as a Minotaur Berserker on Aug 18, 2021.
             Was a Priest of Trog.
             Mangled by a neqoxec (11 damage)
             ... in the Dungeon (Sprint II: "The Violet Keep of Menkaure").
             The game lasted 00:00:38 (366 turns).

ABBCCCDDDD the Cleaver (Minotaur Berserker)          Turns: 366, Time: 00:00:38

Health: -6/73      AC:  2    Str: 24    XL:     7   Next: 86%
Magic:  6/6        EV: 14    Int: -3 (2) God:    Trog [***...]
Gold:   486        SH:  0    Dex:  9    Spells: 6/6 levels left

rFire    . . .     SeeInvis .   a - +0 hand axe
rCold    . . .     Faith    .   (no shield)
rNeg     . . .     Spirit   .   b - +0 animal skin
rPois    .         Reflect  .   (helmet restricted)
rElec    .         Harm     .   (no cloak)
rCorr    .         Rampage  .   (no gloves)
Will     .....     NoTele   +   (no boots)
Stlth    +.........             (no amulet)
HPRegen  0.22/turn              (no ring)
MPRegen  0.10/turn              (no ring)

@: on berserk cooldown, slowed, lost intelligence, very slow
A: horns 2, retaliatory headbutt, deterioration 1, dopey 1
a: Renounce Religion, Berserk, Trog's Hand


You were in the Dungeon.
You worshipped Trog.
Trog was most pleased with you.
You visited 1 branch You collected 486 gold pieces.

Inventory:

Hand Weapons
 a - a +0 hand axe (weapon)
Armour
 b - a +0 animal skin (worn)
Scrolls
 h - a scroll of blinking
Potions
 c - a potion of curing
 d - a potion of heal wounds
 e - a potion of haste
 f - 2 potions of magic
 g - a potion of berserk rage


   Skills:
 + Level 10.8 Fighting
 + Level 10.9 Axes
 + Level 10.5 Armour
 + Level 9.7 Dodging


You had 6 spell levels left.
You didn't know any spells.
Your spell library was empty.

Dungeon Overview and Level Annotations

Branches:
Dungeon (1/1)

Altars:


Innate Abilities, Weirdness & Mutations

You have a pair of horns on your head.
You reflexively headbutt those who attack you in melee.
Your body sometimes deteriorates upon taking damage.
You are dopey. (Int -2)


Message History

The neqoxec is almost dead.
You hit the neqoxec but do no damage.
The neqoxec is almost dead.
The neqoxec hits you!
You slash the neqoxec!
You kill the neqoxec!
Trog accepts your kill.
You feel your intelligence returning. The neqoxec gestures at you.
You feel dopey.
You have lost your intelligence.
Something feeds on your intellect! The neqoxec hits you!
The neqoxec gestures at you.
Strange energies course through your body.
You feel yourself wasting away. The neqoxec hits you. The neqoxec hits you!
The neqoxec gestures at you.
Strange energies course through your body.
You feel stupid.
You are no longer berserk.
You feel yourself slow down. The neqoxec hits you! x2
* * * LOW HITPOINT WARNING * * *
You can move again.
There is an open door, spattered with blood here.
You slash the neqoxec!
The neqoxec is moderately wounded.
You hit the neqoxec but do no damage. The neqoxec closely misses you.
The neqoxec misses you. You furiously retaliate!
You headbutt the neqoxec, but do no damage.
You closely miss the neqoxec.
The neqoxec is moderately wounded.
You hit the neqoxec but do no damage. The neqoxec closely misses you.
The neqoxec hits you.
* * * LOW HITPOINT WARNING * * *
You closely miss the neqoxec.
The neqoxec is moderately wounded.
You closely miss the neqoxec. The neqoxec hits you!
* * * LOW HITPOINT WARNING * * *
The neqoxec hits you!
You die... ## ## .# #. ### l#l

###
##.###+###.##
#...##.##...#
+.##'.<.).#.+
#...##รท##...#
##.###@###.##
####.33# ##
#.##..# ## ###


You could see 2 neqoxecs.

Levels and vault maps discovered:
D:        the_violet_keep_of_menkaure [sprint2_stairs_cluster_1,
          sprint2_shoproom, sprint2_temple, sprint2_basic_supplies,
          sprint2_obstacle_6, sprint2_obstacle_1, sprint2_obstacle_4,
          sprint2_obstacle_7, sprint2_obstacle_2, sprint2_timed_cluster_1,
          sprint2_smallroom_cluster_1, sprint2_smallroom_final_cluster_1,
          sprint2_transparent_cluster_1, sprint2_second_timed_cluster_1,
          sprint2_sniper_area_1, sprint2_heavy_combat_area_1,
          sprint2_mutation_trap_area_1, sprint2_forest_area_1,
          sprint2_light_combat_area_1, sprint2_behind_water_1,
          sprint2_near_end_vault_1]

Notes
Turn   | Place    | Note
-------+----------+-------------------------------------------
     0 | D        | ABBCCCDDDD the Minotaur Berserker began the quest for the
                  | Orb.
     0 | D        | Reached XP level 1. HP: 19/19 MP: 0/0
     1 | D        | Noticed a wyvern
     1 | D        | Noticed a wyvern
     4 | D        | Noticed a necrophage
     4 | D        | Noticed a necrophage
     4 | D        | Noticed a necrophage
     4 | D        | Noticed a necrophage
    13 | D        | Killed a necrophage
    14 | D        | Reached skill level 5 in Armour
    14 | D        | Reached skill level 5 in Dodging
    14 | D        | Reached XP level 2. HP: 16/30 MP: 1/1
    14 | D        | Reached XP level 3. HP: 19/37 MP: 2/2
    14 | D        | Reached XP level 4. HP: 23/44 MP: 3/3
    17 | D        | Killed a necrophage
    17 | D        | Killed a necrophage
    17 | D        | Reached ** piety under Trog
    18 | D        | Reached XP level 5. HP: 10/53 MP: 4/4
    18 | D        | Killed a necrophage
    19 | D        | Reached XP level 6. HP: 11/62 MP: 5/5
   280 | D        | Noticed a merfolk siren
   286 | D        | Killed a merfolk siren
   287 | D        | Reached skill level 10 in Fighting
   287 | D        | Reached skill level 10 in Axes
   287 | D        | Reached XP level 7. HP: 72/72 MP: 6/6
   344 | D        | Noticed a neqoxec
   344 | D        | Noticed a neqoxec
   344 | D        | Noticed a neqoxec
   344 | D        | Noticed a neqoxec
   348 | D        | Killed a neqoxec
   348 | D        | Reached *** piety under Trog
   349 | D        | Reached skill level 10 in Armour
   359 | D        | Killed a neqoxec
   360 | D        | Lost intelligence.
   361 | D        | Gained mutation: Your body sometimes deteriorates upon
                  | taking damage. [a neqoxec]
   362 | D        | Gained mutation: You are dopey. (Int -2) [a neqoxec]
   366 | D        | Mangled by a neqoxec

Table legend: (Time is in decaauts)
 A = Elapsed time spent in this place.
 B = Non-inter-level travel time spent in this place.
 C = Inter-level travel time spent in this place.
 D = Time resting spent in this place.
 E = Time spent auto-exploring this place.
 F = Levels seen in this place.
 G = Mean time per level.
                   A        B        C        D        E       F      G
               +--------+--------+--------+--------+--------+-----+--------+
         Total |    373 |    373 |      0 |    317 |      0 |   1 |  373.0 |
       Dungeon |    373 |    373 |      0 |    317 |      0 |   1 |  373.0 |
               +--------+--------+--------+--------+--------+-----+--------+

Top non-repeatable levels by time:
       D: 373 daAuts

Table legend:
 A = Kills in this place as a percentage of kills in entire the game.
 B = Kills by you in this place as a percentage of kills by you in the entire game.
 C = Kills by friends in this place as a percentage of kills by friends in the entire game.
 D = Other kills in this place as a percentage of other kills in the entire game.
 E = Experience gained in this place as a percentage of experience gained in the entire game.
 F = Experience gained in this place divided by the number of levels of this place that you have seen.
                   A       B       C       D       E      F
               +-------+-------+-------+-------+-------+----------------------
         Total | 100.0 | 100.0 |   N/A |   N/A | 100.0 | 1331.0
       Dungeon | 100.0 | 100.0 |   N/A |   N/A | 100.0 | 1331.0
               +-------+-------+-------+-------+-------+----------------------

Action                   |  1- 3 |  4- 6 |  7- 9 || total
-------------------------+-------+-------+-------++-------
Melee: Hand axe          |     5 |     8 |    17 ||    30
       Headbutt          |     1 |     2 |     2 ||     5
Invok: Berserk           |     1 |     1 |     1 ||     3
Armor: Animal skin       |     2 |     1 |       ||     3
Dodge: Dodged            |     1 |     4 |     6 ||    11

Vanquished Creatures
  A merfolk siren (D)
  2 neqoxecs (D)
  4 necrophages (D)
7 creatures vanquished.

Vanquished Creatures (others)
  A water moccasin (D)
1 creature vanquished.

Grand Total: 8 creatures vanquished
